 Dungeon Sprint DCSS version 0.18.1-48-g4cf74bf (webtiles) character file.

13200000 Joat the Axe Maniac (level 27, -6/320 (323) HPs)
             Began as a Demonspawn Monk on Sept 11, 2016.
             Was the Champion of Makhleb.
             Killed from afar by a wretched soul (83 damage)
             ... with a bolt of negative energy
             ... in the Dungeon (Sprint VIII: "Arena of Blood") on Sept 13, 2016.
             The game lasted 00:11:51 (132 turns).

Joat the Axe Maniac (Demonspawn Monk)                Turns: 132, Time: 00:11:54

HP:   -6/320 (323)  AC: 14    Str: 18    XL:     27
MP:   48/54         EV: 34    Int: 11    God:    Makhleb [******]
Gold: 0             SH:  0    Dex: 20    Spells: 0 memorised, 80 levels left

rFire  + . .     SeeInvis +     i - +∞ Axe of Woe
rCold  . . .     Gourm    .     a - +0 robe
rNeg   . . .     Faith    .     (shield currently unavailable)
rPois  .         Spirit   .     (no helmet)
rElec  .         Dismiss  .     (no cloak)
rCorr  .         Reflect  .     (no gloves)
SustAt .         Harm     .     (boots unavailable)
MR     ++...     NoTele   +     (no amulet)
Stlth  ++++++++++               (no ring)
                                j - ring of see invisible

@: non-regenerating, badly diseased, drained, very resistant to hostile
enchantments, uncannily stealthy
A: talons 3, rough black scales 3, fire resistance 1, ignite blood, nightstalker
3, robust 3, flame cloud immunity
a: Minor Destruction, Lesser Servant of Makhleb, Major Destruction, Greater
Servant of Makhleb, Renounce Religion


You were in the Dungeon.
You worshipped Makhleb.
Makhleb was exalted by your worship.
You were not hungry.

You visited 1 branch

Inventory:

Hand Weapons
 i - the +∞ Axe of Woe (weapon)
   (You found it in the Dungeon)
Armour
 a - a +0 robe (worn)
Jewellery
 j - a ring of see invisible (left hand)
Scrolls
 h - a scroll of blinking
Potions
 c - a potion of curing
 d - a potion of heal wounds
 e - a potion of haste
 f - 2 potions of magic
 g - a potion of berserk rage
Comestibles
 b - a bread ration


   Skills:
 O Level 27(25.5) Fighting
 O Level 27(25.5) Axes
 O Level 27(25.5) Throwing
 O Level 27(25.5) Armour
 O Level 27(25.5) Dodging
 O Level 27(25.5) Stealth
 O Level 27(25.5) Unarmed Combat
 O Level 27(25.5) Spellcasting
 O Level 27(25.5) Invocations


You had 80 spell levels left.
You didn't know any spells.

Dungeon Overview and Level Annotations

Branches:
Dungeon (1/1)

Altars:
Makhleb


Innate Abilities, Weirdness & Mutations

You have claws for feet.
You are completely covered in rough black scales (AC +10, Dex -3).
Your flesh is heat resistant.
Your demonic aura causes spilled blood to erupt in flames.
You are completely attuned to the shadows.
You are extremely robust (+30% HP).
You are immune to clouds of flame.


Message History

You hear an angry hiss.
You hear a shout! x6; You hear an angry hiss.
You hear a shout!
You hear an angry hiss.
You hear a shout!
You hear a roar!
You hear a shout! x12; You hear a roar!
You hear a shout! x3
You hear a screech!
You hear a shout!
The observer is engulfed in roaring flames.
You hear a shout! x2
The observer is engulfed in roaring flames.
The observer gazes at you.
The fireball explodes!
The fireball engulfs you! You resist.
* * * LOW HITPOINT WARNING * * *
The fireball engulfs the observer. 2 hell knights and a hell beast come into view.
You slice the observer!!
You hew the observer savagely.
You kill the observer!
Makhleb accepts your kill.
You feel better.
You hear a shout!
The wretched soul breathes negative energy at you.
The bolt of negative energy hits you!
You feel drained.
You die...

...........
......... ..
#.......# ...
#.......# ...o
.###.. ....###2..o
......###..D..Wp..
......._..)).oG...
....#.....#§§W....
. #_%<.§#@§§W...
.#...x§#.§o...#
....._.))§§x....
......###)W§§G.p..
.###....%))###.O...
#.%..)))#.§......
#....)))#§§§§xo.L
....§§§))X§o§....
.......)LXxX#ooo#


You could see a meat beast, an eight-headed meat hydra, 2 observers, 2
fleshlords, 3 wretched souls, a dread, a meat berserker (berserk), 2 bags of
meat and a crawling corpse.

Vanquished Creatures
  A hell knight (D)
  6 hell beasts (D)
  4 greater mummies (D)
  5 great orbs of eyes (D)
  2 wraiths (D)
  Harold (D)
  15 vampire knights (D)
  6 liches (D)
  A hydra (D)
  63 orcs (D)
  4 phantoms (D)
  7 hill giants (D)
  5 skeletal warriors (D)
  4 large abominations (D)
  6 small abominations (D)
  7 crawling corpses (D)
  38 ogres (D)
175 creatures vanquished.

Vanquished Creatures (others)
  A crawling corpse (D)
1 creature vanquished.

Grand Total: 176 creatures vanquished

Notes
Turn   | Place    | Note
--------------------------------------------------------------
     0 | D        | Joat the Demonspawn Monk began the quest for the Orb.
     0 | D        | Reached XP level 1. HP: 18/18 MP: 1/1
     4 | D        | Became a worshipper of Makhleb the Destroyer
     4 | D        | Reached * piety under Makhleb
     4 | D        | Reached ** piety under Makhleb
     5 | D        | Noticed a bag of meat
     6 | D        | Noticed a bag of meat
     6 | D        | Noticed a bag of meat
     7 | D        | Noticed a bag of meat
     7 | D        | Noticed a bag of meat
     8 | D        | Noticed a meat berserker
     9 | D        | Noticed a bag of meat
     9 | D        | Killed a bag of meat
     9 | D        | Gained mutation: You have sharp toenails. [demonic ancestry]
     9 | D        | Reached XP level 2. HP: 24/24 MP: 2/2
     9 | D        | Reached XP level 3. HP: 29/29 MP: 3/3
     9 | D        | Gained mutation: You are slightly more attuned to the shadows. [demonic ancestry]
     9 | D        | Reached XP level 4. HP: 35/35 MP: 4/4
     9 | D        | Reached XP level 5. HP: 41/41 MP: 5/5
     9 | D        | Gained mutation: You have razor-sharp toenails. [demonic ancestry]
     9 | D        | Reached XP level 6. HP: 47/47 MP: 6/6
     9 | D        | Reached XP level 7. HP: 52/52 MP: 7/7
     9 | D        | Reached XP level 8. HP: 58/58 MP: 8/8
     9 | D        | Reached XP level 9. HP: 63/63 MP: 9/9
     9 | D        | Gained mutation: You are partially covered in rough black scales (AC +4, Dex -1). [demonic ancestry]
     9 | D        | Reached XP level 10. HP: 70/70 MP: 10/10
     9 | D        | Gained mutation: You have claws for feet. [demonic ancestry]
     9 | D        | Reached XP level 11. HP: 75/75 MP: 11/11
     9 | D        | Killed a bag of meat
     9 | D        | Reached skill level 27 in Axes
     9 | D        | Reached skill level 5 in Fighting
     9 | D        | Gained mutation: Your flesh is heat resistant. [demonic ancestry]
     9 | D        | Reached XP level 12. HP: 86/86 MP: 12/12
    11 | D        | Killed a meat berserker
    11 | D        | Reached *** piety under Makhleb
    11 | D        | Gained mutation: You are mostly covered in rough black scales (AC +7, Dex -2). [demonic ancestry]
    11 | D        | Reached XP level 13. HP: 130/130 MP: 13/13
    11 | D        | Reached XP level 14. HP: 138/138 MP: 14/14
    11 | D        | Killed a bag of meat
    11 | D        | Killed a bag of meat
    11 | D        | Reached **** piety under Makhleb
    11 | D        | Gained mutation: You are immune to clouds of flame. [demonic ancestry]
    11 | D        | Reached XP level 15. HP: 158/158 MP: 15/15
    14 | D        | Noticed a meat berserker
    15 | D        | Noticed a meat berserker
    15 | D        | Noticed a meat berserker
    15 | D        | Noticed a large bag of meat
    15 | D        | Noticed a meat berserker
    16 | D        | Killed a meat berserker
    16 | D        | Reached skill level 27 in Fighting
    17 | D        | Noticed a meat berserker
    17 | D        | Reached skill level 15 in Armour
    17 | D        | Reached skill level 15 in Dodging
    17 | D        | Gained mutation: You are robust (+10% HP). [demonic ancestry]
    17 | D        | Reached XP level 16. HP: 159/183 MP: 16/16
    18 | D        | Noticed a meat berserker
    18 | D        | Killed a meat berserker
    19 | D        | Noticed a meat berserker
    19 | D        | Killed a meat berserker
    19 | D        | Reached ***** piety under Makhleb
    19 | D        | Reached XP level 17. HP: 191/191 MP: 17/17
    21 | D        | Noticed a meat berserker
    21 | D        | Killed a meat berserker
    21 | D        | Reached XP level 18. HP: 200/200 MP: 18/18
    22 | D        | Killed a meat berserker
    22 | D        | Reached skill level 27 in Armour
    22 | D        | Reached skill level 27 in Dodging
    22 | D        | Reached ****** piety under Makhleb
    22 | D        | Reached skill level 10 in Unarmed Combat
    22 | D        | Reached XP level 19. HP: 207/207 MP: 18/32
    22 | D        | Reached skill level 15 in Invocations
    24 | D        | Killed a meat berserker
    25 | D        | Noticed a meat berserker
    25 | D        | Noticed a meat berserker
    26 | D        | Noticed a meat berserker
    26 | D        | Noticed a destroyer
    27 | D        | Killed a meat berserker
    27 | D        | Reached skill level 15 in Throwing
    27 | D        | Reached skill level 15 in Spellcasting
    27 | D        | Reached XP level 20. HP: 216/216 MP: 19/39
    28 | D        | Killed a destroyer
    28 | D        | Killed a meat berserker
    28 | D        | Reached skill level 27 in Stealth
    28 | D        | Gained mutation: You are significantly more attuned to the shadows. [demonic ancestry]
    28 | D        | Reached XP level 21. HP: 224/224 MP: 19/44
    28 | D        | Reached skill level 27 in Invocations
    34 | D        | Gained mutation: Your demonic aura causes spilled blood to erupt in flames. [demonic ancestry]
    34 | D        | Reached XP level 22. HP: 233/233 MP: 20/50
    35 | D        | Noticed a destroyer
    37 | D        | Reached skill level 27 in Throwing
    37 | D        | Reached skill level 27 in Unarmed Combat
    37 | D        | Reached skill level 27 in Spellcasting
    37 | D        | Reached XP level 23. HP: 240/240 MP: 21/54
    39 | D        | Noticed a destroyer
    40 | D        | Killed a destroyer
    40 | D        | Gained mutation: You are completely covered in rough black scales (AC +10, Dex -3). [demonic ancestry]
    40 | D        | Reached XP level 24. HP: 249/249 MP: 22/54
    41 | D        | Killed a destroyer
    44 | D        | Noticed a destroyer
    46 | D        | Noticed an accursed
    46 | D        | Killed a destroyer
    46 | D        | Gained mutation: You are very robust (+20% HP). [demonic ancestry]
    46 | D        | Reached XP level 25. HP: 249/280 MP: 24/54
    47 | D        | Noticed a destroyer
    53 | D        | Killed a destroyer
    54 | D        | Gained mutation: You are extremely robust (+30% HP). [demonic ancestry]
    54 | D        | Reached XP level 26. HP: 280/314 MP: 26/54
    57 | D        | Killed an accursed
    58 | D        | Gained mutation: You are completely attuned to the shadows. [demonic ancestry]
    58 | D        | Reached XP level 27. HP: 322/322 MP: 27/54
    62 | D        | Noticed a destroyer
    62 | D        | Noticed a tyrant
    64 | D        | Noticed a destroyer
    65 | D        | Noticed a dread
    65 | D        | Killed a destroyer
    67 | D        | Noticed a destroyer
    67 | D        | Killed a destroyer
    68 | D        | Killed a tyrant
    69 | D        | Noticed a meat beast
    70 | D        | Killed a dread
    71 | D        | Noticed a meat beast
    71 | D        | Noticed a destroyer
    71 | D        | Killed a meat beast
    73 | D        | Killed a meat beast
    73 | D        | Killed a destroyer
    74 | D        | Killed a destroyer
    76 | D        | Noticed an accursed
    77 | D        | Noticed an accursed
    78 | D        | Noticed a meat beast
    79 | D        | Noticed a dread
    79 | D        | Killed an accursed
    80 | D        | Killed an accursed
    84 | D        | Noticed a tyrant
    84 | D        | Noticed a meat beast
    84 | D        | Noticed a meat beast
    86 | D        | Noticed a destroyer
    86 | D        | Killed a meat beast
    87 | D        | Noticed a meat beast
    87 | D        | Killed a dread
    88 | D        | Noticed a destroyer
    88 | D        | Killed a meat beast
    88 | D        | Noticed a destroyer
    91 | D        | Killed a destroyer
    91 | D        | Killed a meat beast
    92 | D        | Noticed a tyrant
    92 | D        | Noticed a meat beast
    92 | D        | Noticed a destroyer
    93 | D        | Killed a destroyer
    96 | D        | Noticed The Servant
    98 | D        | Killed a meat beast
   101 | D        | Killed The Servant
   103 | D        | Killed a destroyer
   104 | D        | Noticed a tyrant
   106 | D        | Noticed a destroyer
   106 | D        | Killed a tyrant
   108 | D        | Noticed an accursed
   108 | D        | Killed a destroyer
   108 | D        | Killed a destroyer
   109 | D        | Noticed a tyrant
   110 | D        | Killed a tyrant
   113 | D        | Noticed a tyrant
   114 | D        | Killed an accursed
   114 | D        | Killed a tyrant
   115 | D        | Noticed a destroyer
   117 | D        | Killed a tyrant
   121 | D        | Killed a destroyer
   124 | D        | Noticed a dread
   126 | D        | Noticed a fleshlord
   128 | D        | Killed a fleshlord
   128 | D        | Killed a tyrant
   132 | D        | Noticed a meat beast
   132 | D        | Noticed a fleshlord
   132 | D        | Noticed a fleshlord
   132 | D        | Killed from afar by a wretched soul

Skill      XL: |  1  2  3  4  5  6  7  8  9 10 11 12 13 14 15 16 17 18 19 20 21 22 |
---------------+-------------------------------------------------------------------+-----
Axes           | 23 27 | 27.0
Fighting       | 5 21 26 27 | 27.0
Armour         | 15 22 25 27 | 27.0
Dodging        | 15 22 26 27 | 27.0
Throwing       | 9 15 19 24 27 | 27.0
Stealth        | 14 22 27 | 27.0
Unarmed Combat | 10 16 20 24 27 | 27.0
Spellcasting   | 9 15 19 24 27 | 27.0
Invocations    | 13 21 26 27 | 27.0

Action                   |  1- 3 |  4- 6 |  7- 9 | 10-12 | 13-15 | 16-18 | 19-21 | 22-24 | 25-27 || total
-------------------------+-------+-------+-------+-------+-------+-------+-------+-------+-------++-------
Melee: Executioner's axe |     1 |       |       |     1 |     2 |     4 |     6 |     5 |    55 ||    74
Armor: Robe              |       |       |       |       |       |       |       |       |     2 ||     2
Dodge: Dodged            |       |       |       |       |       |     1 |     1 |     1 |     4 ||     7
